 Dungeon Crawl Stone Soup version 0.31.0-11-ge490571c62 (webtiles) character file.

Game seed: 8632448296903180189

273162 emikaela the Tortoise (level 19, -1/170 HPs)
             Began as an Armataur Reaver on Jan 26, 2024.
             Was a High Priest of Okawaru.
             Shot with a bolt by a yaktaur (23 damage)
             ... on level 2 of the Vaults on Jan 28, 2024.
             The game lasted 03:35:53 (50576 turns).

emikaela the Tortoise (Armataur Reaver)            Turns: 50576, Time: 03:35:53

Health: -1/170     AC: 35    Str: 24    XL:     19   Next: 49%
Magic:  29/29      EV: 10    Int: 12    God:    Okawaru [*****.]
Gold:   1657       SH: 36    Dex: 13    Spells: 21/22 levels left

rFire   . . .        a - +6 demon whip (venom)
rCold   + . .        y - +18 shield of the Gong {Loud rN+ Will+ rCorr EV-5}
rNeg    + + .        U - +7 scale mail "Taol" {rElec rC+}
rPois   +            k - +2 helmet
rElec   +            c - +1 cloak
rCorr   +            X - +0 pair of gloves of a bailey {rPois rCorr Int-2 Slay+5}
SInv    +            v - +0 barding
Will    +++++        A - amulet of reflection
Stlth   ++++         E - ring "Goixys" {Will+ rCorr EV+5}
HPRegen 1.78/turn    h - ring "Kinis" {rElec rN+ Will++ Dex+3 SInv}
MPRegen 0.87/turn

%: reflection, roll
@: heroic, studying Maces & Flails, invisible
A: large, deformed body, tough skin 3, armoured tail, roll 2
}: 2/15 runes: decaying, gossamer
a: Renounce Religion, Heroism, Finesse, Duel


You were on level 2 of the Vaults.
You worshipped Okawaru.
Okawaru was extremely pleased with you.
You visited 7 branches of the dungeon, and saw 33 of its levels.
You also visited: Sewer.

You collected 3254 gold pieces.
You spent 1597 gold pieces at shops.

Inventory:

Hand Weapons
 a - a +6 demon whip of venom (weapon)
Missiles
 j - 13 silver javelins
 n - 2 throwing nets {!f}
 u - 9 datura-tipped darts
 w - 17 curare-tipped darts {!f}
 O - 14 atropa-tipped darts
 S - 26 poisoned darts
 V - 12 javelins
 Y - 26 boomerangs (quivered)
Armour
 c - a +1 cloak (worn)
 k - a +2 helmet (worn)
 s - a +4 plate armour of fire resistance
 v - a +0 barding (worn)
 y - the +18 shield of the Gong (worn) {Loud rN+ Will+ rCorr EV-5}
   (You found it on level 1 of the Vaults)

   Loud:      It is deafeningly noisy when blocking attacks.
   EV-5:      It affects your evasion (-5).
   rN+:       It protects you from negative energy.
   Will+:     It increases your willpower.
   rCorr:     It protects you from acid and corrosion.
 U - the +7 scale mail "Taol" (worn) {rElec rC+}
   (You found it on level 1 of the Spider Nest)

   rC+:       It protects you from cold.
   rElec:     It insulates you from electricity.
 W - a +2 buckler of cold resistance
 X - the +0 pair of gloves of a bailey (worn) {rPois rCorr Int-2 Slay+5}
   (Okawaru gifted it to you on level 3 of the Lair of Beasts)

   Int-2:     It affects your intelligence (-2).
   Slay+5:    It affects your accuracy & damage with ranged weapons and melee
   (+5).
   rPois:     It protects you from poison rCorr: It protects you from acid and
   corrosion.
Jewellery
 e - a ring of protection from fire
 h - the ring "Kinis" (right hand) {rElec rN+ Will++ Dex+3 SInv}
   (You bought it in a shop on level 2 of the Orcish Mines)

   [ring of see invisible]

   Dex+3:     It affects your dexterity (+3).
   rElec:     It insulates you from electricity.
   rN+:       It protects you from negative energy.
   Will++:    It greatly increases your willpower.
   SInv:      It lets you see invisible.
 A - an amulet of reflection (around neck)
 C - an amulet of guardian spirit
 E - the ring "Goixys" (left hand) {Will+ rCorr EV+5}
   (You bought it in a shop on level 2 of the Orcish Mines)

   [ring of evasion]

   EV+5:      It affects your evasion (+5).
   Will+:     It increases your willpower.
   rCorr:     It protects you from acid and corrosion.
 M - the ring of Divine Compulsion {Ice Dex+4 Stlth+}
   (You found it on level 2 of the Lair of Beasts)

   [ring of ice]

   Ice:       It enhances your ice magic.
   Dex+4:     It affects your dexterity (+4).
   rF-:       It makes you vulnerable to fire.
   rC+:       It protects you from cold.
   Stlth+:    It makes you more stealthy.
 P - a ring of flight
Wands
 F - a wand of flame (29)
 G - a wand of digging (6)
 H - a wand of light (18)
 I - a wand of roots (17)
Scrolls
 f - 2 scrolls of fear
 g - 6 scrolls of fog
 l - a scroll of blinking
 m - 5 scrolls of amnesia
 o - 4 scrolls of immolation {!r}
 p - 5 scrolls of teleportation
 q - 3 scrolls of revelation
 r - 3 scrolls of brand weapon
 L - 2 scrolls of silence {!r}
 T - 2 scrolls of torment {!r}
Potions
 b - a potion of ambrosia
 d - 4 potions of mutation {!q}
 i - a potion of attraction {!q}
 t - 3 potions of enlightenment
 x - 5 potions of invisibility
 z - 4 potions of haste
 B - a potion of berserk rage {!q}
 D - a potion of lignification {!q}
 J - 4 potions of cancellation
 K - 4 potions of heal wounds
 N - 4 potions of resistance
 Q - 7 potions of curing
 R - 7 potions of might
 Z - 3 potions of brilliance


   Skills:
 + Level 15.3(20.3) Fighting
 - Level 16.0(21.0) Maces & Flails
 + Level 15.2(20.2) Throwing
 - Level 16.0(21.0) Armour
 - Level 6.0(11.0) Dodging
 - Level 10.0(15.0) Stealth
 + Level 11.1(16.1) Shields
 - Level 2.0 Spellcasting
 - Level 3.0 Conjurations
 - Level 1.0 Necromancy
 - Level 14.0 Invocations


You had 21 spell levels left.
You knew the following spells:

 Your Spells              Type           Power      Damage    Failure   Level
p - Apportation           Tloc           2%         N/A       54%         1

Your spell library contained the following spells:

 Spells                   Type           Power      Damage    Failure   Level
 Kiss of Death            Conj/Necr      24%        2d7       28%         1
 Momentum Strike          Conj/Tloc      8%         3d8       45%         2
 Static Discharge         Conj/Air       8%         3-4/arc   45%         2
 Slow                     Hex            4%         N/A       54%         1
 Sublimation of Blood     Necr           3%         N/A       54%         2
 Cigotuvi's Dreadful Rot  Necr/Alch/Air  2%         N/A       65%         2
 Ensorcelled Hibernation  Hex/Ice        2%         N/A       67%         2
 Jinxbite                 Hex            2%         N/A       67%         2
 Hailstorm                Conj/Ice       4%         3d5       71%         3
 Vampiric Draining        Necr           3%         2d6       77%         3
 Confusing Touch          Hex            1%         N/A       88%         3
 Inner Flame              Hex/Fire       1%         N/A       88%         3
 Passwall                 Erth           1%         N/A       88%         3
 Sigil of Binding         Hex            1%         N/A       88%         3
 Swiftness                Air            1%         N/A       88%         3
 Teleport Other           Tloc           1%         N/A       88%         3
 Flame Wave               Conj/Fire      4%         2d5       98%         4
 Passage of Golubria      Tloc           1%         N/A       99%         4
 Sticky Flame             Fire/Alch      1%         2d4       99%         4
 Alistair's Intoxication  Alch           0%         N/A       100%        5
 Irradiate                Conj/Alch      2%         3d12      100%        5
 Lee's Rapid Deconstruct  Erth           0%         3d4*      100%        5
 Silence                  Hex/Air        0%         N/A       100%        5
 Yara's Violent Unravell  Hex/Alch       0%         3d3       100%        5
 Eringya's Noxious Bog    Alch           0%         4d6       100%        6
 Ignition                 Fire           0%         3d3       100%        8
 Lehudib's Crystal Spear  Conj/Erth      2%         10d2      100%        8
 Call Imp                 Summ           Unusable   N/A       N/A         2
 Tukima's Dance           Hex            Unusable   N/A       N/A         3
 Summon Forest            Summ/Tloc      Unusable   N/A       N/A         5
 Haunt                    Necr/Summ      Unusable   N/A       N/A         7
 Malign Gateway           Summ/Tloc      Unusable   N/A       N/A         7
 Summon Hydra             Summ           Unusable   N/A       N/A         7

Dungeon Overview and Level Annotations

Branches:
Dungeon (15/15)            Temple (1/1) D:5            Lair (5/5) D:8
  Swamp (4/4) Lair:2       Spider (4/4) Lair:3        Slime (0/5) Lair:4
    Orc (2/2) D:11            Elf (0/3) Orc:2        Vaults (2/5) D:13
  Crypt (0/3) Vaults:2     Depths (0/4) D:15          Sewer (visited)

Altars:
Ashenzari
Cheibriados
Dithmenos
Elyvilon
Fedhas
Gozag
Hepliaklqana
Kikubaaqudgha
Makhleb
Nemelex Xobeh
Okawaru
Qazlal
Ru
Sif Muna
Trog
Uskayaw
Vehumet
Wu Jian
Xom
Yredelemnul
Zin
The Shining One

Shops:
Orc:2 *=[(

Annotations:
D:6 3 runed translucent doors, no0bjke's ghost, novice GrFi
D:14 1 runed translucent door, dorian's ghost, adept VSWr


Innate Abilities, Weirdness & Mutations

Armour fits poorly on your strangely shaped body.
You have extremely tough skin. (AC +3)
You have a long armoured tail.
You regenerate magic and health when rolling toward enemies. (Rampage Regen)


Message History

Your life force feels restored.
You barely miss the dire elephant. The dire elephant tramples you!!
You hold your ground!
The dire elephant trunk-slaps you but does no damage.
The dire elephant tramples you!
* * * LOW HITPOINT WARNING * * *
You hold your ground!
The dire elephant barely misses you. The dire elephant tramples you!
* * * LOW HITPOINT WARNING * * *
You hold your ground!
The dire elephant trunk-slaps you.
* * * LOW HITPOINT WARNING * * *
You are too confused!
Unknown command.
You fade into invisibility!
You feel less invigorated.
You feel less confused. You block the dire elephant's attack.
PTOANNNG!
The dire elephant misses you. You block the dire elephant's attack.
GONNNNG!
You block the dire elephant's attack.
BONNNG!
The dire elephant tramples you but does no damage.
The dire elephant trunk-slaps you but does no damage.
You block the dire elephant's attack.
GONNNNG!
You block the dire elephant's attack.
BONNNG!
There is an open door, spattered with blood here.
Things that are here:
a +0 arbalest; a yaktaur corpse A yaktaur comes into view.
There is an open door here.
You roll towards the yaktaur!
You block the dire elephant's attack.
BONNNG!
You block the dire elephant's attack.
PANG!
The yaktaur wields a +0 arbalest.
The yaktaur shoots a bolt.
The bolt hits you!!
You die...

......))$[....................
........)[....................
..............................
..........[...................
##############O###############
#.. # #.....# ..... # #.. #.
#.....# #...... # #..
#..##Y####.#...... #
#.....@c...# # .......##'##..#
# #'####. ...# .# # #.#...# #
#.##### # #. # #' # .. #


You could see a dire elephant (unable to see you) and a yaktaur (unable to see
you).

Vanquished Creatures
  Jorgrun (D:14)
  2 sphinxes
  A tengu reaver (Vaults:1)
  Aizul (Spider:2)
  A fenstrider witch (Swamp:2)
  2 emperor scorpions (Spider:4)
  5 ghost moths
  8 vault wardens
  3 broodmothers
  2 orc warlords
  3 formless jellyfish
  3 ironbound thunderhulks
  10 ironbound preservers
  A stone giant (Vaults:2)
  A very ugly thing (D:15)
  3 eleionomae
  5 bunyips
  2 spark wasps (Spider:4)
  Azrael (Orc:2)
  2 dire elephants
  Snorg (Lair:3)
  Josephine (D:10)
  An ettin (Orc:1)
  4 shambling mangroves
  The ghost of Killmatronix the Nimble, a journeyman SpBe of Trog (Lair:5)
  5 yaktaur captains
  12 vault guards
  6 entropy weavers
  A fire dragon (Lair:5)
  Harold (Lair:1)
  A great orb of eyes (D:15)
  A rakshasa (D:14)
  Erolcha (Orc:2)
  3 peacekeepers
  23 hydras
  3 catoblepae
  10 centaur warriors
  2 radroaches
  11 alligators
  3 ironbound frosthearts (Vaults:1)
  6 boulder beetles
  An ogre mage (Orc:2)
  5 two-headed ogres
  4 death yaks (Lair:3)
  A vampire mage (Vaults:1)
  A spriggan berserker (Swamp:4)
  3 tengu warriors (D:15)
  8 demonic crawlers
  An orc high priest (Orc:2)
  Urug (D:10)
  Sonja (Orc:2)
  12 spriggans
  5 skeletal warriors
  A skyshark (Lair:4)
  8 pharaoh ants
  Lodul (D:13)
  24 deep trolls
  A flayed ghost (Vaults:1)
  9 orb spiders
  6 goliath frogs
  11 swamp dragons
  3 spriggan druids
  2 sun moths
  4 arcanists
  A bog body (Lair:2)
  A deep elf archer (D:13)
  5 lindwurms
  A deep elf pyromancer (D:15)
  9 ironbound convokers
  2 steelbarb worms
  6 orc knights
  A necromancer (Vaults:2)
  24 wolf spiders
  A salamander (D:15)
  6 orc sorcerers
  2 cyclopes
  5 moths of wrath
  5 will-o-the-wisps
  2 manticores
  24 ugly things
  4 elephants (Lair:5)
  Joseph (D:7)
  4 kobold blastminers
  3 centaur zombies (D:15)
  10 vault sentinels
  4 black mambas
  6 torpor snails
  3 molten gargoyles (Lair:5)
  2 unseen horrors
  22 cane toads
  3 rime drakes
  A kobold demonologist (D:11)
  19 yaktaurs
  4 tengu conjurers
  11 komodo dragons
  24 tarantellas
  3 polar bears
  A polar bear (shapeshifter) (D:15)
  8 tyrant leeches
  15 hornets
  26 blink frogs
  7 trolls
  Prince Ribbit (Lair:1)
  4 dream sheep (Lair:5)
  Sigmund (D:2)
  29 jumping spiders
  32 culicivoras
  9 slime creatures
  10 wraiths
  8 wyverns
  4 shadows
  45 yaks
  A fire elemental (Orc:2)
  2 vampires
  6 basilisks
  A human (D:13)
  4 steam dragons
  68 redbacks
  3 wargs
  17 vampire mosquitoes
  An acid dragon (D:8)
  16 swamp worms
  7 hell hounds
  18 water moccasins
  12 swamp drakes
  3 black bears
  3 laughing skulls
  37 orc warriors
  3 sky beasts
  4 ice beasts
  A crocodile (Sewer)
  15 ogres
  2 phantoms
  33 wolves
  5 centaurs
  A brain worm (Sewer)
  15 bullfrogs
  A gnoll sergeant (D:7)
  2 kobold brigands
  2 scorpions (D:5)
  3 wights (D:8)
  10 killer bees
  4 electric eels
  5 lava snakes (Lair:5)
  2 bombardier beetles (D:6)
  3 hounds
  2 jellies
  27 orc priests
  2 sleepcaps
  3 iguanas
  Natasha (twice) (D:4)
  28 orc wizards
  7 hell rats
  Robin (D:2)
  7 gnolls
  14 adders
  7 river rats
  A white imp (D:7)
  6 ufetubi
  4 dart slugs
  A ribbon worm (D:2)
  98 orcs
  3 endoplasms
  2 giant cockroaches
  15 goblins
  11 hobgoblins
  2 jackals (Sewer)
  14 kobolds
  4 quokkas
  16 ball pythons
  4 bats
  5 frilled lizards
  11 rats
1293 creatures vanquished.

Vanquished Creatures (others)
  An ogre mage (D:15)
  3 bloated husks
  A hell hound (Lair:5)
  An orc wizard (D:6)
  10 foxfires
16 creatures vanquished.

Grand Total: 1309 creatures vanquished

Notes
Turn   | Place    | Note
-------+----------+-------------------------------------------
     0 | D:1      | emikaela the Armataur Reaver began the quest for the Orb.
     0 | D:1      | Reached XP level 1. HP: 17/17 MP: 3/3
   207 | D:1      | Reached XP level 2. HP: 24/24 MP: 4/4
   912 | D:1      | Reached XP level 3. HP: 29/29 MP: 6/6
  1161 | D:2      | Noticed Sigmund
  1457 | D:2      | Reached skill level 1 in Necromancy
  1567 | D:2      | Noticed Robin
  1586 | D:2      | Killed Robin
  1835 | D:2      | Found a faded altar of an unknown god.
  1879 | D:2      | Reached XP level 4. HP: 13/37 MP: 7/7
  2663 | D:3      | Noticed a phantom
  3042 | D:3      | Reached XP level 5. HP: 22/46 MP: 4/8
  3067 | D:3      | Found a glowing drain.
  3071 | Sewer    | Entered a sewer
  3384 | Sewer    | Reached skill level 5 in Fighting
  3452 | Sewer    | Reached XP level 6. HP: 56/56 MP: 9/9
  3646 | Sewer    | Reached skill level 1 in Stealth
  4488 | D:3      | Gained mutation: You regenerate magic and health when
                  | rolling toward enemies. (Rampage Regen) [Armataur growth]
  4488 | D:3      | Reached XP level 7. HP: 61/61 MP: 10/10
  4512 | D:4      | Noticed Natasha
  4698 | D:4      | Killed Natasha
  5050 | D:4      | Noticed Natasha
  5065 | D:4      | Killed Natasha
  5513 | D:5      | Entered Level 5 of the Dungeon
  5513 | D:5      | Found a staircase to the Ecumenical Temple.
  5531 | D:5      | Reached skill level 5 in Armour
  5534 | Temple   | Entered the Ecumenical Temple
  5543 | Temple   | Became a worshipper of Warmaster Okawaru
  5640 | D:5      | Found an ancient bone altar of Kikubaaqudgha.
  5857 | D:5      | Reached XP level 8. HP: 69/69 MP: 11/11
  5872 | D:5      | Reached * piety under Okawaru
  6222 | D:5      | Reached skill level 1 in Invocations
  6509 | D:6      | Found a runed translucent gate.
  6509 | D:6      | Found a runed translucent gate.
  6509 | D:6      | Found a runed translucent gate.
  6603 | D:6      | Reached ** piety under Okawaru
  7153 | D:6      | Reached skill level 5 in Maces & Flails
  7179 | D:6      | Noticed no0bjke's ghost (novice GrFi)
  7536 | D:7      | Reached XP level 9. HP: 53/68 MP: 9/12
  8325 | D:7      | Noticed a catoblepas
  8325 | D:7      | Noticed a troll
  8450 | D:7      | Reached *** piety under Okawaru
  8451 | D:7      | Reached skill level 5 in Invocations
  8655 | D:7      | Killed a troll
  8675 | D:7      | Noticed Joseph
  8690 | D:7      | Killed Joseph
  9045 | D:7      | Killed a catoblepas
  9046 | D:7      | Reached XP level 10. HP: 30/86 MP: 3/13
  9287 | D:7      | Reached **** piety under Okawaru
  9341 | D:7      | Got the Parchment of Evil Blasting
  9346 | D:7      | Got Ocotazil's Secrets of the Elliptic Boulder
  9360 | D:7      | Noticed a skeletal warrior
  9372 | D:7      | Killed a skeletal warrior
  9551 | D:7      | Found a hide-covered altar of Uskayaw.
  9552 | D:7      | Found a hazy altar of Hepliaklqana.
 10053 | D:8      | Reached skill level 10 in Maces & Flails
 10107 | D:8      | Found an opulent altar of Gozag.
 10149 | D:8      | Found a staircase to the Lair.
 10986 | D:9      | Found a bloodstained altar of Trog.
 10988 | D:9      | Found a sparkling altar of Nemelex Xobeh.
 11035 | D:9      | Found a sacrificial altar of Ru.
 11082 | D:9      | Reached ***** piety under Okawaru
 11220 | D:9      | Reached XP level 11. HP: 86/92 MP: 12/15
 11710 | D:10     | Entered Level 10 of the Dungeon
 11717 | D:10     | Noticed Urug
 11742 | D:10     | Killed Urug
 11925 | D:10     | Noticed a two-headed ogre
 11935 | D:10     | Killed a two-headed ogre
 11935 | D:10     | Received a gift from Okawaru
 12073 | D:10     | Found a blossoming altar of Fedhas.
 12379 | D:10     | Noticed Josephine
 12401 | D:10     | Killed Josephine
 12715 | D:11     | Found a staircase to the Orcish Mines.
 12806 | D:11     | Noticed a green ugly thing
 12826 | D:11     | Killed a green ugly thing
 13426 | D:11     | Noticed a two-headed ogre
 13440 | D:11     | Killed a two-headed ogre
 14106 | D:12     | Noticed a centaur warrior
 14119 | D:12     | Killed a centaur warrior
 14119 | D:12     | Received a gift from Okawaru
 14483 | D:12     | Reached XP level 12. HP: 103/104 MP: 16/18
 14799 | D:13     | Noticed a centaur warrior
 14839 | D:13     | Noticed a centaur warrior
 14840 | D:13     | Noticed a centaur warrior
 14936 | D:13     | Noticed a centaur warrior
 15000 | D:13     | Killed a centaur warrior
 15054 | D:13     | Noticed Lodul
 15073 | D:13     | Killed Lodul
 15119 | D:13     | Noticed a two-headed ogre
 15129 | D:13     | Killed a two-headed ogre
 15129 | D:13     | Received a gift from Okawaru
 15130 | D:13     | Reached skill level 10 in Fighting
 15515 | D:13     | Killed a centaur warrior
 15516 | D:13     | Reached skill level 10 in Invocations
 16027 | D:13     | Killed a centaur warrior
 16041 | D:13     | Killed a centaur warrior
 16159 | D:13     | Identified the +4 ring mail "Cilix" {rElec rF- Regen+
                  | Dex+5}
 16208 | D:13     | Received a gift from Okawaru
 16349 | D:13     | Noticed a boulder beetle
 16390 | D:13     | Killed a boulder beetle
 16517 | D:13     | Found a glowing silver altar of Zin.
 18008 | Lair:1   | Entered Level 1 of the Lair of Beasts
 18363 | Lair:1   | Noticed Prince Ribbit
 18366 | Lair:1   | Reached XP level 13. HP: 82/115 MP: 14/20
 18463 | Lair:1   | Killed Prince Ribbit
 18511 | Lair:1   | Reached skill level 1 in Throwing
 18705 | Lair:1   | Received a gift from Okawaru
 19520 | Lair:1   | You fall into a shaft and drop 1 floor!
 19603 | Lair:1   | Noticed Harold
 19627 | Lair:1   | Killed Harold
 19627 | Lair:1   | Received a gift from Okawaru
 20020 | Lair:2   | Reached skill level 5 in Throwing
 20264 | Lair:2   | Identified the ring of Divine Compulsion {Ice Dex+4 Stlth+}
 21260 | Lair:2   | Found a staircase to the Swamp.
 22158 | Lair:3   | Noticed Snorg
 22206 | Lair:3   | Reached ****** piety under Okawaru
 22207 | Lair:3   | Acquired a +3 demon whip of venom
 22207 | Lair:3   | Received a gift from Okawaru
 22210 | Lair:3   | Acquired the +0 pair of gloves of a bailey {rPois rCorr
                  | Int-2 Slay+5}
 22210 | Lair:3   | Received a gift from Okawaru
 22323 | Lair:3   | Received a gift from Okawaru
 22345 | Lair:3   | Learned a level 1 spell: Apportation
 22444 | Lair:3   | Identified the +10 trident of Niwit {protect, ^Fragile rF++
                  | MP+9 Dex-4}
 22603 | Lair:3   | Killed Snorg
 22618 | Lair:3   | Reached skill level 10 in Armour
 22618 | Lair:3   | Reached XP level 14. HP: 106/126 MP: 21/21
 22959 | Lair:3   | Found a hole to the Spider Nest.
 23522 | Lair:4   | Received a gift from Okawaru
 24276 | Lair:4   | Found a staircase to the Slime Pits.
 24291 | Lair:4   | Reached skill level 10 in Throwing
 24344 | Lair:5   | Entered Level 5 of the Lair of Beasts
 24676 | Lair:5   | Received a gift from Okawaru
 24927 | Lair:5   | Found a large runed translucent door.
 24928 | Lair:5   | Found a large runed translucent door.
 24942 | Lair:5   | Noticed Killmatronix's ghost (journeyman SpBe)
 25311 | Lair:5   | Received a gift from Okawaru
 25430 | Lair:5   | Found a large runed translucent door.
 25433 | Lair:5   | Found a large runed translucent door.
 26240 | Lair:5   | Killed Killmatronix's ghost
 26395 | Lair:5   | Reached skill level 5 in Dodging
 26783 | Orc:1    | Entered Level 1 of the Orcish Mines
 27677 | Orc:1    | Noticed an orc warlord
 27709 | Orc:1    | Killed an orc warlord
 27710 | Orc:1    | Reached XP level 15. HP: 118/132 MP: 22/22
 27780 | Orc:1    | You fall into a shaft and drop 1 floor!
 27780 | Orc:2    | Entered Level 2 of the Orcish Mines
 27780 | Orc:2    | Found a staircase to the Elven Halls.
 27881 | Orc:2    | Noticed Azrael
 27904 | Orc:2    | Killed Azrael
 27904 | Orc:2    | Received a gift from Okawaru
 28810 | Orc:2    | Noticed Erolcha
 28829 | Orc:2    | Killed Erolcha
 28899 | Orc:2    | Noticed Sonja
 28912 | Orc:2    | Killed Sonja
 29082 | Orc:2    | Received a gift from Okawaru
 29380 | Orc:2    | Found Maedeter's Jewellery Shoppe.
 29396 | Orc:2    | Found Icimaap's General Store.
 29437 | Orc:2    | Found Piod's Antique Armour Shoppe.
 29452 | Orc:2    | Found Jihit's Antique Weapon Shoppe.
 29631 | Orc:2    | Bought the ring "Kinis" {rElec rN+ Will++ Dex+3 SInv} for
                  | 695 gold pieces
 29631 | Orc:2    | Bought the ring "Goixys" {Will+ rCorr EV+5} for 704 gold
                  | pieces
 29662 | Orc:2    | Bought a potion of curing for 54 gold pieces
 29662 | Orc:2    | Bought a potion of invisibility for 144 gold pieces
 30411 | D:13     | Found a gate to the Vaults.
 30419 | D:13     | Received a gift from Okawaru
 30645 | D:14     | Noticed Jorgrun
 30656 | D:14     | Killed Jorgrun
 31453 | D:14     | Found a runed translucent door.
 31454 | D:14     | Noticed a sphinx
 31455 | D:14     | Noticed dorian's ghost (adept VSWr)
 31780 | D:14     | Reached skill level 1 in Shields
 31782 | D:14     | Reached skill level 5 in Stealth
 31916 | D:15     | Entered Level 15 of the Dungeon
 31960 | D:15     | Identified a scroll of acquirement
 31961 | D:15     | Acquired a manual of Maces & Flails
 32081 | D:15     | Received a gift from Okawaru
 32878 | D:15     | Reached XP level 16. HP: 141/141 MP: 25/25
 32888 | D:15     | Received a gift from Okawaru
 33082 | D:15     | Found a staircase to the Depths.
 33485 | Spider:1 | Entered Level 1 of the Spider Nest
 33902 | Spider:1 | Identified the +7 scale mail "Taol" {rElec rC+}
 34359 | Spider:1 | Received a gift from Okawaru
 36075 | Spider:2 | Received a gift from Okawaru
 36464 | Spider:2 | Reached skill level 5 in Shields
 36720 | Spider:3 | Identified the serpent talisman "Ikulyunu" {*Slow rC+ Dex+9
                  | Stlth-}
 36720 | Spider:3 | Noticed Aizul
 36996 | Spider:2 | Killed Aizul
 37418 | Spider:3 | Identified the +1 robe of Qogoesai {Int+3 Archmagi}
 37982 | Spider:4 | Entered Level 4 of the Spider Nest
 38626 | Spider:4 | Reached XP level 17. HP: 150/150 MP: 26/26
 38781 | Spider:4 | Received a gift from Okawaru
 40287 | Spider:4 | Received a gift from Okawaru
 40451 | Arena    | Entered the Arena
 41137 | Spider:4 | Got a gossamer rune of Zot
 41324 | Swamp:1  | Entered Level 1 of the Swamp
 43490 | Swamp:2  | Received a gift from Okawaru
 44024 | Swamp:3  | Identified the +1 ring mail of the Good {Harm rElec Will+
                  | Slay-2}
 44414 | Swamp:4  | Entered Level 4 of the Swamp
 44429 | Swamp:4  | Reached skill level 10 in Stealth
 44429 | Swamp:4  | Reached XP level 18. HP: 147/159 MP: 26/28
 44611 | Swamp:4  | Reached skill level 15 in Armour
 45328 | Swamp:4  | Received a gift from Okawaru
 45681 | Swamp:4  | Got a decaying rune of Zot
 46222 | D:2      | Killed Sigmund
 46480 | Vaults:1 | Entered Level 1 of the Vaults
 46797 | Vaults:1 | Received a gift from Okawaru
 47760 | Arena    | Entered the Arena
 47983 | Vaults:1 | Reached skill level 15 in Maces & Flails
 48773 | Vaults:1 | Found the +18 shield of the Gong {Loud rN+ Will+ rCorr
                  | EV-5}
 49000 | Vaults:2 | Received a gift from Okawaru
 49228 | Vaults:1 | Reached XP level 19. HP: 127/168 MP: 29/29
 49275 | Vaults:2 | Reached skill level 10 in Shields
 49311 | Vaults:2 | Found a staircase to the Crypt.
 49701 | Vaults:1 | Received a gift from Okawaru
 49938 | Vaults:2 | Reached skill level 15 in Fighting
 49958 | Vaults:2 | Reached skill level 15 in Throwing
 50426 | Vaults:2 | Identified the +0 scale mail "Vyvveul" {Will+}
 50510 | Vaults:2 | Received a gift from Okawaru
 50536 | Vaults:2 | Paralysed by a formless jellyfish for 1 turns
 50538 | Vaults:2 | HP: 7/168 [constriction (5)]
 50539 | Arena    | Entered the Arena
 50562 | Vaults:2 | Paralysed by a formless jellyfish for 1 turns
 50576 | Vaults:2 | Shot with a bolt by a yaktaur

Illustrated notes

Levels and vault maps discovered:
D:1:      dpeg_arrival_ratfight, layout_basic, serial_rivers,
          chequers_serial_rivers_micro_b, chequers_serial_rivers_marsh,
          chequers_serial_rivers_room_b, chequers_serial_rivers_marsh,
          nicolae_houndstooth_variations
D:2:      layout_loops_corners, shapermc_ecumenical_altar_mp_urbaneastern,
          uniq_sigmund, uniq_robin
D:3:      minmay_inner_zag, layout_loops_ring, portal_sewer_entry_e
D:4:      layout_basic, hangedman_decor_lopped, minmay_tree_intersection,
          uniq_natasha
D:5:      layout_rooms, kennysheep_little_box, minmay_temple_entry_butterflies
D:6:      layout_basic, gammafunk_ghost_icy
D:7:      nzn_winding_woodlands_medium [nzn_winding_woodlands_5x5_closed_star,
          nzn_winding_woodlands_5x15_eye, nzn_winding_woodlands_5x5_cross,
          nzn_winding_woodlands_5x5_default,
          nzn_winding_woodlands_center_triple_pond,
          nzn_winding_woodlands_5x5_checkerboard,
          nzn_winding_woodlands_hourglass, nzn_winding_woodlands_5x15_zeroes,
          nzn_winding_woodlands_5x5_three], layout_basic,
          gammafunk_temple_overflow_pools, uniq_joseph
D:8:      layout_loops_corners, grunt_gozag_breadcrumbs, lair_entry_dummy
D:9:      layout_basic, grunt_temple_overflow_open, chequers_decorated_corner
D:10:     layout_loops_cross, mainiacjoe_overflow_surrounded_room,
          uniq_josephine, uniq_urug
D:11:     layout_cave_pools, david_orc_2
D:12:     layout_basic
D:13:     layout_basic, grunt_vaults_entry_fortified, zin_treasury, uniq_lodul
D:14:     layout_gridville, minmay_misc_feat_enclosed,
          ebering_ghost_inner_flame, uniq_jorgrun
D:15:     hangedman_depths_entry_try_elsewhere_first, layout_loops_ring,
          minmay_misc_feat_encased, serial_undead, serial_undead_d,
          serial_undead_b, serial_undead_c, serial_undead_d, minmay_between
Temple:   nicolae_temple_bog_church
Lair:1:   layout_chaotic_city, beast_lair_carwin_7, infiniplex_staircase_pool_2,
          uniq_prince_ribbit2, uniq_harold
Lair:2:   layout_cave_pods, nicolae_swamp_entry_splash_gauntlet
Lair:3:   layout_regular_city, spider_nest_entry_a, serial_bayou_shore_a,
          uniq_snorg
Lair:4:   layout_regular_city, dpeg_slime_entry_enclosed
Lair:5:   cheibrodos_lair_end_hotspot, layout_cave_pods,
          ebering_ghost_disaster_area
Swamp:1:  layout_basic_swamp, evilmike_swamp_ruin_house_6
Swamp:2:  layout_basic_swamp, nicolae_swamp_dense_foliage
Swamp:3:  layout_basic_swamp, evilmike_swamp_ruin_house_5, swamp_pool_5
Swamp:4:  swamp, layout_basic_swamp
Spider:1: layout_chambers
Spider:2: layout_spider_delve
Spider:3: layout_spider_delve, nicolae_spider_webbed_stairs, uniq_aizul
Spider:4: spider_rune_water, nicolae_spider_spiderdrome
Orc:1:    layout_caves, nicolae_orc_rockfall, nicolae_orc_sculptors_studio,
          minmay_orc_temple_b
Orc:2:    grunt_orc_cross, layout_caves, uniq_erolcha, uniq_sonja, uniq_azrael
Vaults:1: nicolae_vaults_trapezoid_lopsided_3, v_misc_11, grunt_vaults_twisty,
          vaults_room_grunt_arrival_checkpoint, nicolae_vaults_heist,
          grunt_vaults_diagonal, vaults_mumra_hex,
          ontoclasm_vaults_claustrophobia, vaults_room_grunt_arrival_ludios,
          nicolae_vaults_double_plus_1, hellmonk_guarded_unrand_gong,
          vaults_room_ringed_pool, nicolae_vaults_tetromino_Z_2,
          vaults_dpeg_ring, layout_vaults_ring
Vaults:2: nicolae_vaults_circle_grid_a, v_rooms_1,
          nicolae_vaults_closet_pinwheel_6, nicolae_vaults_trapezoid_3,
          v_rooms_6, v_misc_10, grunt_vaults_hallway_long,
          nicolae_vaults_trapezoid_4, minmay_crypt_entry_simple_plaza, v_misc_9,
          nicolae_vaults_border_crossing, nicolae_vaults_hallways_thing,
          nicolae_vaults_double_plus_1, vaults_room_stairs_pillars,
          nicolae_vaults_tetromino_L_1, nicolae_vaults_house_1,
          nicolae_vaults_tetromino_Z_1, layout_vaults_omnicross

Skill      XL: |  1  2  3  4  5  6  7  8  9 10 11 12 13 14 15 16 17 18 19 |
---------------+----------------------------------------------------------+-----
Fighting       | 2 3 4 5 6 7 9 10 12 13 14 15 | 15.3
Spellcasting   | 2 |  2.0
Maces & Flails | 3 5 8 10 12 13 15 16 | 16.0
Conjurations   | 3 |  3.0
Necromancy     | 1 |  1.0
Dodging        | 2 4 5 6 |  6.0
Stealth        | 3 4 5 8 10 | 10.0
Armour         | 2 5 7 9 10 11 12 14 16 | 16.0
Invocations    | 3 5 8 10 12 13 14 | 14.0
Throwing       | 8 12 13 14 15 | 15.2
Shields        | 2 5 7 9 11 | 11.1

Action                     |  1- 3 |  4- 6 |  7- 9 | 10-12 | 13-15 | 16-18 | 19-21 || total
---------------------------+-------+-------+-------+-------+-------+-------+-------++-------
  Melee: Mace              |   171 |   195 |   325 |    42 |       |       |       ||   733
         Tailslap          |    15 |    19 |    38 |   170 |   336 |   465 |    97 ||  1140
         Punch             |     1 |     2 |     1 |    17 |    24 |       |       ||    45
         Flail             |       |       |       |   844 |   569 |       |       ||  1413
         Demon whip        |       |       |       |       |  1252 |  2066 |   340 ||  3658
  Throw: Stone             |       |     1 |       |       |    21 |       |       ||    22
         Dart              |       |       |     1 |     4 |       |       |       ||     5
         Boomerang         |       |       |       |       |     8 |    26 |       ||    34
   Cast: Kiss of Death     |     1 |       |       |       |       |       |       ||     1
 Invoke: Heroism           |       |       |     3 |     9 |     5 |     8 |     1 ||    26
         Receive Weapon    |       |       |       |       |     1 |       |       ||     1
         Receive Armour    |       |       |       |       |     1 |       |       ||     1
         Finesse           |       |       |       |       |     1 |     2 |       ||     3
         Duel              |       |       |       |       |       |     2 |     1 ||     3
  Evoke: Wand              |       |       |     8 |     4 |     4 |       |       ||    16
    Use: Scroll            |       |       |    11 |    12 |    18 |     1 |     1 ||    43
         Potion            |       |       |       |     1 |     1 |     5 |     4 ||    11
   Stab: Sleeping          |       |     2 |       |     8 |     2 |    17 |       ||    29
         Distracted        |       |     1 |       |     1 |     3 |    10 |       ||    15
         Fleeing           |       |       |       |       |       |       |     1 ||     1
 Armour: Leather armour    |    95 |       |       |   153 |   347 |       |       ||   595
         Animal skin       |    32 |    90 |       |       |       |       |       ||   122
         Chain mail        |       |     4 |   454 |    44 |       |       |       ||   502
         Scale mail        |       |       |       |   529 |   439 |  1199 |   176 ||  2343
         Plate armour      |       |       |       |       |   190 |    43 |       ||   233
  Dodge: Dodged            |    83 |   132 |   313 |   562 |   726 |   784 |    50 ||  2650
  Block: Buckler           |       |       |       |       |    18 |   510 |       ||   528
         Kite shield       |       |       |       |       |       |   100 |   418 ||   518
         Reflection        |       |       |       |       |       |       |     5 ||     5
